 Dungeon Crawl Stone Soup version 0.16.1-51-g6203257 (webtiles) character file.

138 kae the Ruffian (level 5, -12/40 HPs)
             Began as a Draconian Transmuter on July 13, 2015.
             Mangled by a gnoll
             ... wielding a cursed +0 halberd
              (17 damage)
             ... on level 3 of the Dungeon.
             The game lasted 00:03:01 (2466 turns).

kae the Ruffian (Draconian Transmuter)              Turns: 2466, Time: 00:03:02

Health: -12/40     AC:  2    Str: 13    XL:     5   Next: 1%
Magic:  3/9        EV: 19    Int: 13    God:
Gold:   115        SH:  0    Dex: 17    Spells: 3 memorised, 2 levels left

rFire  . . .     SeeInvis .       - Unarmed
rCold  . . .     Clarity  .     (armour unavailable)
rNeg   . . .     SustAb   .     (shield currently unavailable)
rPois  x         Gourm    .     (helmet currently unavailable)
rElec  .         Spirit   .     (cloak currently unavailable)
rCorr  .         Warding  .     (gloves currently unavailable)
rMut   .         Stasis   .     (boots currently unavailable)
MR     .....                    (no amulet)
Stlth  ++........               (no ring)
                                (no ring)

@: spider-form (expiring), not resistant to hostile enchantments, unstealthy
A: unfitting armour, (cold-blooded), AC +5
a: End Transformation


You were on level 3 of the Dungeon.
You were not hungry.
You were a venomous arachnid creature.
You visited 1 branch of the dungeon, and saw 3 of its levels.

You collected 115 gold pieces.

Inventory:

Missiles
 b - 24 arrows
Scrolls
 c - a scroll of blinking {unknown}
 e - 3 scrolls of identify {unknown}
 h - a scroll of enchant weapon {unknown}
 l - 2 scrolls of teleportation {unknown}
 s - a scroll of enchant armour {unknown}
Potions
 i - a potion of invisibility {unknown}
 j - 2 potions of ambrosia {unknown}
 k - 2 potions of brilliance {unknown}
 m - a potion of agility {unknown}
 n - a potion of curing {unknown}
 p - 2 potions of poison {unknown}
 q - 2 potions of might {unknown}
Books
 d - a book of Changes

   Spells                             Type                      Level
   a - Beastly Appendage              Transmutation                1
   b - Sticks to Snakes               Transmutation                2
   c - Spider Form                    Transmutation/Poison         3
   d - Ice Form                       Ice/Transmutation            4
   e - Blade Hands                    Transmutation                5
Comestibles
 a - 3 bread rations
 f - a meat ration
 g - a royal jelly
 o - a beef jerky
 r - 4 fruits


   Skills:
 - Level 1.1 Fighting
 - Level 1.7 Dodging
 * Level 5.0 Unarmed Combat
 - Level 2.0 Spellcasting
 + Level 3.3 Transmutations


You had 2 spell levels left.
You knew the following spells:

 Your Spells              Type           Power        Failure   Level  Hunger
a - Beastly Appendage     Trmt           ##....       24%         1    ##.....
b - Sticks to Snakes      Trmt           ##........   28%         2    ###....
c - Spider Form           Trmt/Pois      #.........   61%         3    ####...


Dungeon Overview and Level Annotations

Branches:
Dungeon (3/15)

Altars:
Ashenzari
Xom


Innate Abilities, Weirdness & Mutations

((Your plain brown scales are hard (AC +5).))
Your body does not fit into most forms of armour.
((Your cold-blooded metabolism reacts poorly to cold.))


Message History

You kill the gnoll!
Your Unarmed Combat skill increases to level 5!
You have reached level 5!
The gnoll closely misses you.
Your transformation has ended.
Things that are here:
a whip; a spear; a gnoll corpse You barely miss the gnoll.
The gnoll hits you with a halberd.
You closely miss the gnoll.
Your tail-slap misses the gnoll.
The gnoll barely misses you.
You barely miss the gnoll. The gnoll barely misses you.
You closely miss the gnoll. You hit the gnoll but do no damage.
The gnoll hits you with a halberd!
* * * LOW HITPOINT WARNING * * *
Casting: Spider Form
Confirm with . or Enter, or press ? or * to list all spells.
You turn into a venomous arachnid creature.
Your transformation is almost over.
The gnoll hits you with a halberd!
You die...

. #.# . #.# ##. #.# #..
#.# #.# #.# #.# .#. #.#
#.# ... #.# #g# #.# #.##
#s# #.# #..# #.# #.#
##.# #.# #.# #.# #.# #.#
#)# ####.##.####.# #)#
............#.##
#.######
####.##.##....###.##....
# #.##.###.##....###
..##.# #..#.######


You could see a gnoll.

Vanquished Creatures
  3 gnolls (D:3)
  3 adders (D:3)
  4 worms
  A giant gecko (D:1)
  An ooze (D:2)
  4 giant cockroaches
  5 goblins
  7 hobgoblins
  7 kobolds
  A quokka (D:2)
  10 bats
  4 giant newts (D:2)
  5 rats
55 creatures vanquished.

Vanquished Creatures (collateral kills)
  A worm (D:2)
1 creature vanquished.

Grand Total: 56 creatures vanquished

Notes
Turn   | Place    | Note
--------------------------------------------------------------
     0 | D:1      | kae, the Draconian Transmuter, began the quest for the Orb.
     0 | D:1      | Reached XP level 1. HP: 16/16 MP: 3/3
     1 | D:1      | Found a shimmering altar of Xom.
   375 | D:1      | Reached XP level 2. HP: 23/23 MP: 4/4
   972 | D:2      | Reached XP level 3. HP: 19/28 MP: 6/6
  1115 | D:2      | Reached skill level 4 in Unarmed Combat
  1421 | D:2      | Learned a level 2 spell: Sticks to Snakes
  1425 | D:2      | Learned a level 3 spell: Spider Form
  1653 | D:2      | Found a shattered altar of Ashenzari.
  1942 | D:3      | Reached XP level 4. HP: 22/35 MP: 7/7
  2459 | D:3      | Reached skill level 5 in Unarmed Combat
  2459 | D:3      | Reached XP level 5. HP: 18/40 MP: 6/9
  2466 | D:3      | Mangled by a gnoll

Action                   |  1- 3 |  4- 6 || total
-------------------------+-------+-------++-------
Melee: Unarmed           |   163 |    74 ||   237
 Cast: Beastly Appendage |    12 |     7 ||    19
       Sticks to Snakes  |     5 |       ||     5
       Spider Form       |       |     2 ||     2
  Eat: Chunk             |     3 |     3 ||     6
